 Dungeon Crawl Stone Soup version 0.29-a0-490-g77b3608bb8 (webtiles) character file.

Game seed: 10684876362475529207

485 oriza the Cudgeller (level 7, 0/66 HPs)
             Began as a Gargoyle Berserker on May 26, 2022.
             Was a Believer of Trog.
             Slain by Bediveer's ghost (1 damage)
             ... on level 4 of the Dungeon.
             The game lasted 00:22:33 (4271 turns).

oriza the Cudgeller (Gargoyle Berserker)            Turns: 4271, Time: 00:22:34

Health: 0/66       AC: 16    Str: 18    XL:     7   Next: 13%
Magic:  0/7        EV:  6    Int:  8    God:    Trog [**....]
Gold:   217        SH:  0    Dex: 11    Spells: 6/6 levels left

rFire   + . .      SeeInvis .   a - +0 mace (chaos)
rCold   . . .      Faith    .   (no shield)
rNeg    + . .      Spirit   +   v - +0 plate armour
rPois   ∞          Reflect  .   (no helmet)
rElec   +          Harm     .   (no cloak)
rCorr   .          Rampage  .   (no gloves)
Will    ++...                   (no boots)
Stlth   ..........              A - amulet of guardian spirit
HPRegen 1.21/turn               f - ring of protection from fire
MPRegen 0.10/turn               t - ring of poison resistance

@: berserking, strong-willed, regenerating, very quick
A: sickness immunity, AC +4, negative energy resistance 1, electricity
resistance, torment resistance 1, petrification resistance, weak 1
a: Renounce Religion, Berserk, Trog's Hand


You were on level 4 of the Dungeon.
You worshipped Trog.
Trog was pleased with you.
You visited 1 branch of the dungeon, and saw 5 of its levels.

You collected 217 gold pieces.

Inventory:

Hand Weapons
 a - a +0 mace of chaos (weapon)
 q - a +0 trident
Missiles
 g - 58 stones
 h - 4 silver boomerangs (quivered)
 l - 2 boomerangs
Armour
 b - a +0 animal skin
 d - a +1 scale mail
 p - the +3 leather armour of the Toothy God {Dex+6}
   (You found it on level 2 of the Dungeon)

   Dex:       It affects your dexterity (+6).
 v - a +0 plate armour (worn)
Magical Staves
 u - a staff of death
Jewellery
 f - a ring of protection from fire (left hand)
 i - an amulet of the acrobat
 t - a ring of poison resistance (right hand)
 A - an amulet of guardian spirit (around neck)
Wands
 n - a wand of charming (23)
Scrolls
 m - a scroll of magic mapping
Potions
 j - 3 potions of mutation
 k - a potion of degeneration {unknown}
 o - a potion of invisibility {unknown}
 r - 3 potions of curing {unknown}
 s - a potion of attraction
 w - 2 potions of haste {unknown}


   Skills:
 + Level 4.6 Fighting
 + Level 5.7 Maces & Flails
 + Level 1.3 Polearms
 + Level 0.5 Throwing
 + Level 3.6 Armour
 + Level 2.4 Dodging
 + Level 1.1 Stealth


You had 6 spell levels left.
You didn't know any spells.
Your spell library was empty.

Dungeon Overview and Level Annotations

Branches:
Dungeon (5/15)
 Temple: D:4-7

Altars:
Zin

Annotations:
D:4 Bediveer's ghost, novice PaAK


Innate Abilities, Weirdness & Mutations

You are immune to sickness and miasma.
Your stone body is resilient. (AC +4)
You are immune to poison.
You resist negative energy. (rN+)
You are resistant to electric shocks. (rElec)
You are resistant to unholy torment.
You are immune to petrification.
You are weak. (Str -2)


Message History

You see here a +0 dagger.
Something hits you.
* * * LOW HITPOINT WARNING * * *
x2 Throw: 4 boomerangs (silver)
Press: ? - help, Q - select action, (/) - cycle Shift-Dir - straight line You throw a silver boomerang.
Something hits you but does no damage. x2
Throw: 4 boomerangs (silver)
Press: ? - help, Q - select action, (/) - cycle Shift-Dir - straight line, f - you Really target yourself?
Okay, then.
Throw: 4 boomerangs (silver)
Press: ? - help, Q - select action, (/) - cycle Shift-Dir - straight line You throw a silver boomerang.
Something hits you but does no damage. x2
Throw: 4 boomerangs (silver)
Press: ? - help, Q - select action, (/) - cycle Shift-Dir - straight line You throw a silver boomerang.
Something hits you but does no damage. Something hits you.
* * * LOW HITPOINT WARNING * * *
x2 Throw: 4 boomerangs (silver)
Press: ? - help, Q - select action, (/) - cycle Shift-Dir - straight line You throw a silver boomerang.
Something hits you but does no damage. x2
You hit something but do no damage.
Something hits you but does no damage. x2
You hit something.
Nothing appears to happen.
Something hits you but does no damage.
You hit something but do no damage. Something hits you but does no damage.
Something hits you.
* * * LOW HITPOINT WARNING * * *
x2 Unknown command.
Your skin crawls.
You feel strong-willed. Something hits you but does no damage.
A red film seems to cover your vision as you go berserk!
You feel yourself moving faster!
You feel mighty! Something hits you!
* * * LOW HITPOINT WARNING * * *
x2 Something hits you.
* * * LOW HITPOINT WARNING * * *
You die...

##.......##....#..(....#
...............#...)...#
.........###.###.......#
##.......# #.###.......#
###.##### #.#.........#
#.# #...#..######
#.#######..##.##
####.##.......##.#
.....##.###..###@# .#
##.###.###.{# #
##..##..##..##########
#####..###.###.##.......)#
...........###)##....(...#
###..#####...............#
##........##............#
##.............:#........#
.......?§...#####........#


There were no monsters in sight!

Vanquished Creatures
  Grinder (D:4)
  A gnoll shaman (D:3)
  2 orc wizards (D:3)
  9 gnolls
  6 adders
  3 dart slugs
  6 orcs (D:3)
  4 ball pythons
  6 endoplasms
  3 giant cockroaches
  3 goblins
  4 hobgoblins
  2 jackals (D:3)
  3 quokkas
  4 bats
  A frilled lizard (D:2)
  2 kobolds
  2 rats
62 creatures vanquished.

Notes
Turn   | Place    | Note
-------+----------+-------------------------------------------
     0 | D:1      | oriza the Gargoyle Berserker began the quest for the Orb.
     0 | D:1      | Reached XP level 1. HP: 14/14 MP: 1/1
   301 | D:1      | Found a faded altar of an unknown god.
   416 | D:1      | Reached XP level 2. HP: 15/19 MP: 2/2
  1334 | D:2      | Reached XP level 3. HP: 23/23 MP: 3/3
  1633 | D:2      | Identified the +3 leather armour of the Toothy God {Dex+6}
  1770 | D:2      | Found a glowing silver altar of Zin.
  2288 | D:3      | Reached skill level 4 in Maces & Flails
  2288 | D:3      | Reached XP level 4. HP: 6/29 MP: 4/4
  2541 | D:3      | Gained mutation: You are weak. (Str -2) [potion of
                  | mutation]
  2549 | D:3      | Reached skill level 1 in Polearms
  2758 | D:3      | Reached XP level 5. HP: 24/33 MP: 5/5
  3267 | D:3      | Reached ** piety under Trog
  3532 | D:3      | Reached XP level 6. HP: 38/38 MP: 6/6
  3674 | D:4      | Reached skill level 5 in Maces & Flails
  4139 | D:5      | Entered Level 5 of the Dungeon
  4139 | D:5      | Noticed Grinder
  4139 | D:5      | Found a runed translucent gate.
  4139 | D:5      | Found a runed translucent gate.
  4139 | D:5      | Found a runed translucent gate.
  4140 | D:5      | Noticed Bediveer's ghost (novice PaAK)
  4140 | D:5      | Paralysed by Grinder for 3 turns
  4207 | D:4      | Paralysed by Grinder for 4 turns
  4212 | D:4      | Killed Grinder
  4213 | D:4      | Reached skill level 1 in Stealth
  4213 | D:4      | Reached XP level 7. HP: 35/44 MP: 5/7
  4271 | D:4      | HP: 1/66 [something (3)]
  4271 | D:4      | Slain by Bediveer's ghost

Illustrated notes

Levels and vault maps discovered:
D:1:      lightli_arrival_noodles, layout_basic, ebering_ecumenical_altar_webs,
          serial_glass, glass_columns_b, glass_columns_c, glass_columns_b,
          glass_columns_a
D:2:      layout_basic, basic_altar, kennysheep_donut
D:3:      layout_rooms
D:4:      layout_rooms
D:5:      layout_rooms, gammafunk_ghost_necromancy, serial_shops,
          shop_fountains, dreamdust_princess_bridge, uniq_grinder,
          uniq_blork_the_orc

Skill      XL: |  1  2  3  4  5  6 |
---------------+-------------------+-----
Maces & Flails | 4 5 |  5.7
Polearms       | 1 |  1.3
Fighting       | 4 |  4.6
Armour         | 3 |  3.6
Dodging        | 2 |  2.4
Stealth        | 1 |  1.1
Throwing       | |  0.5

Action                   |  1- 3 |  4- 6 |  7- 9 || total
-------------------------+-------+-------+-------++-------
Melee: Mace              |    64 |   144 |    10 ||   218
       Punch             |     1 |     2 |       ||     3
       Trident           |    35 |    13 |       ||    48
Throw: Boomerang         |     2 |     7 |     4 ||    13
Invok: Berserk           |       |     3 |     1 ||     4
       Trog's Hand       |       |     1 |     1 ||     2
Evoke: Wand              |     1 |     1 |     1 ||     3
  Use: Scroll            |     5 |     4 |     1 ||    10
       Potion            |     2 |     2 |       ||     4
 Stab: Sleeping          |       |     1 |       ||     1
Armor: Scale mail        |    26 |       |       ||    26
       Leather armour    |    22 |    61 |       ||    83
       Plate armour      |       |     4 |    28 ||    32
Dodge: Dodged            |    73 |   125 |     5 ||   203

Table legend: (Time is in decaauts)
 A = Elapsed time spent in this place.
 B = Non-inter-level travel time spent in this place.
 C = Inter-level travel time spent in this place.
 D = Time resting spent in this place.
 E = Time spent auto-exploring this place.
 F = Levels seen in this place.
 G = Mean time per level.
                   A        B        C        D        E       F      G
               +--------+--------+--------+--------+--------+-----+--------+
         Total |   4373 |   4373 |      0 |      0 |      0 |   5 |  874.6 |
       Dungeon |   4373 |   4373 |      0 |      0 |      0 |   5 |  874.6 |
               +--------+--------+--------+--------+--------+-----+--------+

Top non-repeatable levels by time:
     D:3: 1546 daAuts
     D:1: 1193 daAuts
     D:2: 982 daAuts
     D:4: 620 daAuts
     D:5: 30 daAuts
